 Dungeon Crawl Stone Soup version 0.22-a0-388-g09e6169 (webtiles) character file.

11 Kairos the Skirmisher (level 2, 16/16 HPs)
             Began as a Vine Stalker Fighter on Apr 29, 2018.
             Quit the game on level 1 of the Dungeon.
             The game lasted 00:00:48 (394 turns).

Kairos the Skirmisher (Vine Stalker Fighter)         Turns: 394, Time: 00:00:49

Health: 16/16      AC:  7    Str: 18    XL:     2   Next: 25%
Magic:  3/3        EV:  7    Int:  8    God:
Gold:   14         SH:  9    Dex: 13    Spells: 1/1 levels left

rFire    . . .     SeeInvis .   m - -2 mace (curse)
rCold    . . .     Gourm    .   c - +0 shield
rNeg     . . .     Faith    .   b - +0 scale mail
rPois    .         Spirit   +   (no helmet)
rElec    .         Reflect  .   k - +0 cloak
rCorr    .         Harm     .   (no gloves)
MR       .....                  (no boots)
Stlth    ..........             (no amulet)
HPRegen  0.05/turn              (no ring)
MPRegen  0.08/turn              (no ring)

@: no status effects
A: fangs 2, magic shield, antimagic bite, no potion heal 3, rot immunity
a: no special abilities


You were on level 1 of the Dungeon.
You were not hungry.

You visited 1 branch of the dungeon, and saw 1 of its levels.

You collected 14 gold pieces.

Inventory:

Hand Weapons
 a - a +0 war axe
 m - a cursed -2 mace (weapon)
Armour
 b - a +0 scale mail (worn)
 c - a +0 shield (worn)
 k - a +0 cloak (worn)
Scrolls
 i - a scroll of teleportation {unknown}
 j - 2 scrolls of amnesia {unknown}
 l - a scroll of immolation {unknown}
Potions
 d - a potion of might
 h - a potion of curing
Comestibles
 f - a ration


   Skills:
 + Level 2.9 Fighting
 + Level 1.9 Axes
 + Level 2.6 Armour
 + Level 2.8 Shields


You had one spell level left.
You didn't know any spells.

Dungeon Overview and Level Annotations

Branches:
Dungeon (1/15)

Altars:


Innate Abilities, Weirdness & Mutations

You have extremely sharp teeth.
When hurt, damage is shared between your health and your magic reserves.
Your bite disrupts and absorbs the magic of your enemies.
Potions cannot restore your health.
You are immune to rotting.


Message History

No target in view!
No target in view!
No target in view!
l - a scroll labeled LUESHR NOGYQUE You see here 10 stones.
Found a stone staircase leading down.
Done exploring.
Done exploring.
Done exploring.
Done exploring.
You see here a runed mace.
m - a runed mace It sticks to your hand!
m - a cursed -2 mace (weapon)
As you read the scroll labeled VUV WUNAADGH, it crumbles to dust.
The scroll dissolves into smoke.
It was a scroll of fog.
As you read the scroll labeled SUOHU HYGOTS, it crumbles to dust.
It is a scroll of identify.
h - a potion of curing Are you sure you want to abandon this character and quit the game? (Confirm with "yes".)

##.#.......................##.###
.......#.......###........###....
†......###.##...###..#.....####†.
...#....##..#........##.##.......
...#....###.....##...##.#######..
.†.........................####..
.....#........§§.§§#.........##.#
.....#.###....§§#§§##......#.##.#
..............§§@§§##......#.....
.......####...§§§#§##......#..#.#
#####..# #....§§§.##......##....
# ##..## #####...###......##....
#....# ###..## #......##....
#>...#####....# #......##...#
#....#........# #.........†##
#....#........# ########...#.
#....#........# #...+.


There were no monsters in sight!

Vanquished Creatures
  A giant cockroach (D:1)
  2 goblins (D:1)
  2 hobgoblins (D:1)
  3 bats (D:1)
  2 frilled lizards (D:1)
  A rat (D:1)
11 creatures vanquished.

Notes
Turn   | Place    | Note
-------+----------+-------------------------------------------
     0 | D:1      | Kairos the Vine Stalker Fighter began the quest for the Orb.
     0 | D:1      | Reached XP level 1. HP: 11/11 MP: 2/2
   156 | D:1      | Reached XP level 2. HP: 16/16 MP: 3/3
   394 | D:1      | Quit the game

Vault maps used:
D:1:      dpeg_arrival_shelter

Action                   || total
-------------------------++-------
Melee: War axe           ||    22
       Bite              ||     4
  Use: Scroll            ||     2
Armor: Scale mail        ||    10
Dodge: Dodged            ||    11
Block: Shield            ||     9

Table legend:
 A = Spawn XP
 B = Non-spawn XP
 C = Spawn XP percentage of total XP
 D = Spawn monster count
 E = Non-spawn monster count
 F = Spawn count percentage of total count
 G = Total turns spent on level
                    A         B        C        D         E        F      G
               +---------+---------+-------+---------+---------+-------+---------
         Total |       0 |      16 |   0.0 |       0 |      11 |   0.0 |   394
               +---------+---------+-------+---------+---------+-------+---------
           D:1 |       0 |      16 |   0.0 |       0 |      11 |   0.0 |   394
               +---------+---------+-------+---------+---------+-------+---------
